 Dungeon Crawl Stone Soup version 0.31.0-1-g2c135a0 (webtiles) character file.

Game seed: 9889703826764596525

14 jagoly the Magician (level 2, -1/22 HPs)
             Began as a Djinni Earth Elementalist on Jan 29, 2024.
             Slain by an orc
             ... wielding a +0 dagger
              (2 damage)
             ... on level 3 of the Dungeon.
             The game lasted 00:04:24 (133 turns).

jagoly the Magician (Djinni Earth Elementalist)      Turns: 133, Time: 00:04:25

Health: -1/22      AC:  2    Str: 13    XL:     2   Next: 60%
Gold:   0          EV: 12    Int: 16    God:
                   SH:  5    Dex: 13

rFire   + + .        b - +0 spear
rCold   x . .        (no shield)
rNeg    . . .        a - +0 robe
rPois   ∞            (no helmet)
rElec   .            (no cloak)
rCorr   .            (no gloves)
SInv    .            (boots unavailable)
Will    .....        f - amulet of reflection
Stlth   ++           e - +6 ring of strength
HPRegen 0.23/turn    (no ring)
MPRegen 0.00/turn

%: reflection, infuse magic (-2 HP)
@: flying, very slightly contaminated
A: sickness immunity, fire resistance 2, cold vulnerability 1, float, innate
caster, HP casting, extra vitality 1
a: no special abilities


You were on level 3 of the Dungeon.
You visited 1 branch of the dungeon, and saw 3 of its levels.

Inventory:

Hand Weapons
 b - a +0 spear (weapon)
Armour
 a - a +0 robe (worn)
Jewellery
 e - a +6 ring of strength (left hand)
 f - an amulet of reflection (around neck)
Scrolls
 c - a scroll of revelation {unknown}
 d - a scroll of identify {unknown}


   Skills:
 + Level 0.8 Fighting
 - Level 2.1 Dodging
 + Level 1.9 Stealth
 * Level 3.3 Spellcasting
 * Level 3.3 Conjurations
 * Level 3.3 Hexes
   Level 0.0 Charms
 * Level 3.3 Summonings
 * Level 3.3 Necromancy
 * Level 3.3 Translocations
   Level 0.0 Transmutations
 * Level 3.3 Fire Magic
 * Level 3.3 Ice Magic
 * Level 3.3 Air Magic
 * Level 3.3 Earth Magic
 * Level 3.3 Alchemy


You knew the following spells:

 Your Spells              Type           Power      Damage    Failure   Level
a - Sandblast             Erth           26%        2d8       4%          1
d - Petrify               Alch/Erth      13%        N/A       41%         4
e - Brom's Barrelling Bo  Conj/Erth      13%        2d4       41%         4
w - Passwall              Erth           13%        N/A       14%         3
x - Stone Arrow           Conj/Erth      26%        3d8       14%         3
Your spell library was empty.

Dungeon Overview and Level Annotations

Branches:
Dungeon (3/15) Zot: 17857

Altars:


Innate Abilities, Weirdness & Mutations

You are immune to sickness and miasma.
You are immune to poison.
Your flesh is very heat resistant. (rF++)
You are vulnerable to cold. (rC-)
You float through the air rather than walking.
You learn spells naturally, not from books.
Your magical power is your life essence.
You have superior vitality. (+4 MHP)


Message History

Welcome, jagoly the Djinni Earth Elementalist.
If you return without finding the Orb of Zot, so far below, it's all over!
Press ? for a list of commands and other information.
Found a spear and a scroll labelled BEANNATS WUOPS.
Found a staircase leading out of the dungeon.
You begin with the following spells memorised: Sandblast, Passwall, Stone Arrow, Petrify, Brom's Barrelling Boulder.
Unknown command.
You need no library to learn spells.
Found a scroll labelled VUCISTROHAM.
You see here a +0 spear.
b - a +0 spear
Found 14 gold pieces.
c - a scroll labelled BEANNATS WUOPS A hobgoblin comes into view.
You see here a scroll labelled VUCISTROHAM.
d - a scroll labelled VUCISTROHAM The hobgoblin shouts!
You hear an angry hiss.
A dart slug comes into view.
Cast which spell? (? or * to list)
Aiming: Sandblast (safe; 5% risk of failure)
Press: ? - help, Shift-Dir - straight line, f - hobgoblin
Aim: a hobgoblin (82% to hit)
The blast of sand hits the hobgoblin!
You kill the hobgoblin!
The dart slug launches a dart at you. The slug dart misses you.
A rat comes into view.
A frilled lizard comes into view.
A giant cockroach comes into view.
Cast which spell? (? or * to list)
Aiming: Sandblast (safe; 5% risk of failure)
Press: ? - help, Shift-Dir - straight line, f - giant cockroach
Aim: a giant cockroach (82% to hit)
The blast of sand hits the giant cockroach.
You kill the giant cockroach!
The rat squeaks loudly.
Cast which spell? (? or * to list)
Aiming: Sandblast (safe; 4% risk of failure)
Press: ? - help, Shift-Dir - straight line, f - frilled lizard
Aim: a frilled lizard (70% to hit)
The blast of sand misses the frilled lizard.
Cast which spell? (? or * to list)
Aiming: Sandblast (safe; 4% risk of failure)
Press: ? - help, Shift-Dir - straight line, f/p - frilled lizard
Aim: a frilled lizard (70% to hit)
The blast of sand hits the frilled lizard.
You kill the frilled lizard!
The rat completely misses you. The rat bites you but does no damage.
Cast which spell? (? or * to list)
Aiming: Sandblast (safe; 4% risk of failure)
Press: ? - help, Shift-Dir - straight line, f - dart slug
Aim: a dart slug (100% to hit)
The blast of sand hits the dart slug.
The dart slug is severely wounded.
The dart slug bites you but does no damage.
The rat barely misses you.
Cast which spell? (? or * to list)
Aiming: Sandblast (safe; 4% risk of failure)
Press: ? - help, Shift-Dir - straight line, f/p - dart slug
Aim: a dart slug (severely wounded, 100% to hit)
The blast of sand hits the dart slug!
You kill the dart slug!
The rat barely misses you. The rat closely misses you.
You have reached level 2!
Okay, then.
b - a +0 spear (weapon)
Reach: b) +0 spear
Press: ? - help, Dir - move target, f - rat
Aim: a rat (about 41% to evade your +0 spear)
You hit the rat.
The rat is moderately wounded.
The rat closely misses you.
Reach: b) +0 spear
Press: ? - help, Dir - move target, f/p - rat
Aim: a rat (moderately wounded, about 41% to evade your +0 spear)
You barely miss the rat.
The rat is moderately wounded.
The rat barely misses you.
Reach: b) +0 spear
Press: ? - help, Dir - move target, f/p - rat
Aim: a rat (moderately wounded, about 41% to evade your +0 spear)
You barely miss the rat.
The rat is moderately wounded.
The rat bites you.
Reach: b) +0 spear
Press: ? - help, Dir - move target, f/p - rat
Aim: a rat (moderately wounded, about 41% to evade your +0 spear)
You closely miss the rat.
The rat is moderately wounded.
The rat closely misses you.
Reach: b) +0 spear
Press: ? - help, Dir - move target, f/p - rat
Aim: a rat (moderately wounded, about 41% to evade your +0 spear)
You hit the rat.
You kill the rat!
You see here a giant cockroach corpse.
HP restored.
Found a stone staircase leading down.
There is a stone staircase leading down here.
You fly downwards.
Found an onyx ring.
There is a stone staircase leading up here.
A kobold comes into view. It is wielding a +0 dagger.
Cast which spell? (? or * to list)
Aiming: Sandblast (safe; 4% risk of failure)
Press: ? - help, Shift-Dir - straight line, f - kobold
Aim: a kobold, wielding a +0 dagger (asleep, 100% to hit)
The blast of sand hits the kobold.
You kill the kobold!
e - a +6 ring of strength You feel stronger.
e - a +6 ring of strength (left hand) Unknown command.
Adjust (i)tems, (s)pells, or (a)bilities?
Adjust which spell? b - Passwall Adjust to which letter? w - Passwall Adjust (i)tems, (s)pells, or (a)bilities?
Adjust which spell? c - Stone Arrow Adjust to which letter? x - Stone Arrow Adjust (i)tems, (s)pells, or (a)bilities?
Adjust which spell?
Okay, then.
A rat comes into view.
A kobold comes into view. It is wielding a +0 dagger.
Cast which spell? (? or * to list)
Aiming: Sandblast (safe; 4% risk of failure)
Press: ? - help, Shift-Dir - straight line, f - rat
Aim: a rat (asleep, 100% to hit)
The blast of sand hits the rat.
You kill the rat!
Cast which spell? (? or * to list)
Aiming: Sandblast (safe; 4% risk of failure)
Press: ? - help, Shift-Dir - straight line, f - kobold
Aim: a kobold, wielding a +0 dagger (asleep, 100% to hit)
The blast of sand hits the kobold!
You kill the kobold!
Found a stone staircase leading down.
You reach down and open the door.
There is an open door here.
Found a lumpy lapis lazuli amulet.
f - an amulet of reflection You start putting on your amulet.
You continue putting on your amulet of reflection. x5
You finish putting on your amulet of reflection.
You feel a shielding aura gather around you.
f - an amulet of reflection (around neck)
There is a stone staircase leading down here.
You fly downwards.
Found a spear.
There is a stone staircase leading up here.
You reach down and open the door.
There is an open door here.
There is an open door here.
An orc comes into view. It is wielding a +0 hand axe.
The orc shouts!
The orc moves out of view.
An orc comes into view. It is wielding a +0 flail.
The orc shouts!
An orc comes into view. It is wielding a +0 club.
Cast which spell? (? or * to list)
Aiming: Sandblast (safe; 4% risk of failure)
Press: ? - help, Shift-Dir - straight line, f - orc
Aim: an orc, wielding a +0 club and wearing a +0 chain mail (wandering, hasn't noticed you, 87% to hit)
The blast of sand misses the orc.
The blast of sand hits the orc but does no damage.
The orc shouts!
Cast which spell? (? or * to list)
Aiming: Sandblast (safe; 4% risk of failure)
Press: ? - help, Shift-Dir - straight line, f/p - orc
Aim: an orc, wielding a +0 club and wearing a +0 chain mail (87% to hit)
The blast of sand hits the orc.
The orc is severely wounded.
The orc hits you with a +0 hand axe.
An orc comes into view. It is wielding a +0 dagger.
Cast which spell? (? or * to list)
Aiming: Sandblast (safe; 4% risk of failure)
Press: ? - help, Shift-Dir - straight line, f/p - orc
Aim: an orc, wielding a +0 club and wearing a +0 chain mail (87% to hit)
The blast of sand hits the orc!
You kill the orc!
The orc misses you.
Cast which spell? (? or * to list)
Aiming: Sandblast (safe; 4% risk of failure)
Press: ? - help, Shift-Dir - straight line, f/p - orc
Aim: an orc, wielding a +0 club and wearing a +0 chain mail (87% to hit)
The blast of sand misses the orc.
The orc hits you with a +0 club. You block the orc's attack.
The orc barely misses you. The orc misses you.
Cast which spell? (? or * to list)
Aiming: Sandblast (safe; 4% risk of failure)
Press: ? - help, Shift-Dir - straight line, f - orc, p - orc
Aim: an orc, wielding a +0 dagger and wearing a +0 leather armour (82% to hit)
The blast of sand hits the orc!
You kill the orc!
The orc misses you.
Cast which spell? (? or * to list)
Aiming: Sandblast (safe; 4% risk of failure)
Press: ? - help, Shift-Dir - straight line, p - orc The blast of sand hits the orc.
The orc is moderately wounded.
The orc hits you with a +0 club.
An orc comes into view. It is wielding a +0 hand axe.
The orc hits you with a +0 dagger.
* * * LOW HITPOINT WARNING * * *
The orc closely misses you.
Cast which spell? (? or * to list)
Aiming: Sandblast (safe; 4% risk of failure)
Press: ? - help, Shift-Dir - straight line The blast of sand hits the orc but does no damage.
The orc is moderately wounded.
* * * LOW HITPOINT WARNING * * *
You block the orc's attack. The orc barely misses you.
Cast which spell? (? or * to list)
Aiming: Sandblast (safe; 4% risk of failure)
Press: ? - help, Shift-Dir - straight line The blast of sand hits the orc.
The orc is heavily wounded.
* * * LOW HITPOINT WARNING * * *
The orc hits you with a +0 club.
* * * LOW HITPOINT WARNING * * *
The orc hits you but does no damage. You block the orc's attack.
The orc hits you with a +0 club.
* * * LOW HITPOINT WARNING * * *
Cast which spell? (? or * to list)
Aiming: Sandblast (safe; 4% risk of failure)
Press: ? - help, Shift-Dir - straight line The blast of sand hits the orc but does no damage.
The orc is heavily wounded.
* * * LOW HITPOINT WARNING * * *
The orc completely misses you.
Press: ? - help, v - describe, . - travel, g - get item
Here: an orc, wielding a +0 club and wearing a +0 chain mail (heavily wounded)
Items here: a +0 hand axe; a +0 ring mail; an orc corpse.
The floor.
You aren't carrying any items that you can evoke.
You have nothing you can fire or use right now.
You aren't carrying any potions.
You aren't carrying any potions.
Okay, then.
You aren't carrying any potions.
Cast which spell? (? or * to list)
Okay, then.
Cast which spell? (? or * to list)
Aiming: Sandblast (safe; 4% risk of failure)
Press: ? - help, Shift-Dir - straight line You miscast Sandblast.
You are very lightly contaminated with residual magic.
Nothing appears to happen.
* * * LOW HITPOINT WARNING * * *
The orc hits you but does no damage. The orc barely misses you.
Cast which spell? (? or * to list)
Aiming: Sandblast (safe; 4% risk of failure)
Press: ? - help, Shift-Dir - straight line The blast of sand hits the orc but does no damage.
The orc is heavily wounded.
* * * LOW HITPOINT WARNING * * *
You block the orc's attack. The orc hits you with a +0 club.
* * * LOW HITPOINT WARNING * * *
The orc barely misses you. The orc hits you with a +0 dagger.
You die...

## #.# ..# #.#
###.#####.#
#.........# .
+.........#######
.##................
...................
#........@o......
#<......oo)..⌠...
#................
#.....)..##.....#
#.#'###### ......
#.#.# ...... #.#.#
..... #.#.# #≈#..
#.#.#


You could see 3 orcs.

Vanquished Creatures
  A dart slug (D:1)
  2 orcs (D:3)
  A giant cockroach (D:1)
  A hobgoblin (D:1)
  2 kobolds (D:2)
  A frilled lizard (D:1)
  2 rats
10 creatures vanquished.

Notes
Turn   | Place    | Note
-------+----------+-------------------------------------------
     0 | D:1      | jagoly the Djinni Earth Elementalist began the quest for
                  | the Orb.
     0 | D:1      | jagoly set off with the following spells memorised:
                  | Sandblast, Passwall, Stone Arrow, Petrify, Brom's
                  | Barrelling Boulder.
     0 | D:1      | Reached XP level 1. HP: 15/15 MP: 0/0
    30 | D:1      | Reached XP level 2. HP: 17/22 MP: 0/0
   133 | D:3      | HP: 1/22 [orc/+0 club (1)]
   133 | D:3      | Slain by an orc

Illustrated notes

Levels and vault maps discovered:
D:1:      orjb1_lava_funnel, layout_loops_ring, minmay_misc_feat_plants,
          lemuel_flame_loot_1
D:2:      minmay_recursive_quarters, layout_basic, serial_glass,
          glass_columns_a, glass_columns_a
D:3:      layout_basic, nicolae_ru_path_of_blood,
          hellmonk_ecumenical_altar_defaced_shrine, uniq_robin, uniq_terence

Action                     || total
---------------------------++-------
  Melee: Spear             ||     5
   Cast: Sandblast         ||    19
 Armour: Robe              ||    13
  Dodge: Dodged            ||    17
  Block: Other             ||     4
